 Dungeon Crawl Stone Soup version 0.24-a0-291-g79c1ce788c (webtiles) character file.

Game seed: 2695758660212403522

87 Redear the Skirmisher (level 4, 37/37 HPs)
             Began as a Demonspawn Chaos Knight on May 9, 2019.
             Was a Plaything of Xom.
             Quit the game on level 2 of the Dungeon.
             The game lasted 00:02:28 (1821 turns).

Redear the Skirmisher (Demonspawn Chaos Knight)     Turns: 1821, Time: 00:02:28

Health: 37/37      AC:  7    Str: 13    XL:     4   Next: 28%
Magic:  4/4        EV: 12    Int: 15    God:    Xom [....*.]
Gold:   21         SH:  0    Dex: 13    Spells: 3/3 levels left

rFire    + . .     SeeInvis .   k - +0 dagger
rCold    . . .     Gourm    .   (no shield)
rNeg     . . .     Faith    .   b - +2 leather armour
rPois    .         Spirit   .   l - +2 hat
rElec    .         Reflect  .   (no cloak)
rCorr    .         Harm     .   (no gloves)
MR       .....                  (no boots)
Stlth    +.........             (no amulet)
HPRegen  0.12/turn              (no ring)
MPRegen  0.09/turn              (no ring)

@: no status effects
A: hooves 1, blink, clever 1, demonic guardian 1, fire resistance 1, rot
immunity, MP-powered wands
a: Blink, Renounce Religion


You were on level 2 of the Dungeon.
You worshipped Xom.
You were a beloved toy of Xom.
You were hungry.

You visited 1 branch of the dungeon, and saw 2 of its levels.

You collected 21 gold pieces.

Inventory:

Hand Weapons
 a - a +0 hand axe of chaos
 e - a +0 hand axe
 j - a cursed +0 dagger
 k - a +0 dagger (weapon)
Armour
 b - a +2 leather armour (worn)
 l - a +2 hat (worn)
Jewellery
 h - an uncursed ring of protection from fire {unknown}
Scrolls
 c - 6 scrolls of identify {unknown}
 f - 2 scrolls of enchant weapon {unknown}
 i - 2 scrolls of teleportation {unknown}
 m - a scroll of remove curse {unknown}
 o - a scroll of enchant armour {unknown}
Potions
 d - a potion of haste {unknown}
 g - 2 potions of curing {unknown}
 n - a potion of mutation {unknown}
 p - a potion of invisibility {unknown}
 q - a potion of might {unknown}
Comestibles
 z - 2 rations


   Skills:
 + Level 3.6 Fighting
 + Level 3.2 Axes
 + Level 2.5 Armour
 + Level 2.0 Dodging


You had 3 spell levels left.
You didn't know any spells.
Your spell library was empty.

Dungeon Overview and Level Annotations

Branches:
Dungeon (2/15)

Altars:
Xom
Zin


Innate Abilities, Weirdness & Mutations

You have large cloven feet.
A weak demonic guardian rushes to your aid.
You are immune to rotting.
You can translocate small distances at will.
Your mind is acute. (Int +2)
Your flesh is heat resistant. (rF+)
You expend magic power (3 MP) to strengthen your wands.


Message History

Your Dodging skill increases to level 2!
Health restored: 37 Unknown command.
Items here: )) †† a +0 whip; a +0 club; a giant cockroach corpse; a kobold corpse No target in view!
q - a sapphire potion
There is a glowing silver altar of Zin here.
Done exploring.
No target in view!
No target in view!
No target in view!
No target in view!
No target in view!
No target in view!
No target in view!
No target in view!
No target in view!
No target in view!
Are you sure you want to abandon this character and quit the game? (Confirm with "yes".)

#.###...###.# #.. #.# #...#
#.# #.. #.# ###.# #.# #..
#.# #.# #.# #.. #.#
#.###.## #.. #.#
#......###.. #.#
###.....##.. #.# #.........
#@# #.....###. #.#
####....## #.
######.####......g.###.
#................#(##..
#####.#########.##.###.....
#.....# #.##.# ####..
#.###.#########.##.#######.
#.......)....##.##..._.....
#..####.####..#.###########


There were no monsters in sight!

Vanquished Creatures
  An adder (D:2)
  2 oozes (D:1)
  2 worms (D:2)
  An orc (D:2)
  4 giant cockroaches (D:2)
  10 goblins
  A jackal (D:2)
  9 kobolds
  3 bats (D:2)
  4 frilled lizards
  6 rats
43 creatures vanquished.

Vanquished Creatures (collateral kills)
  An orc priest (D:2)
  2 orcs (D:2)
3 creatures vanquished.

Grand Total: 46 creatures vanquished

Notes
Turn   | Place    | Note
-------+----------+-------------------------------------------
     0 | D:1      | Redear the Demonspawn Chaos Knight began the quest for the
                  | Orb.
     0 | D:1      | Reached XP level 1. HP: 18/18 MP: 1/1
    50 | D:1      | Reached skill level 1 in Dodging
    70 | D:1      | Reached skill level 2 in Armour
    70 | D:1      | Gained mutation: A weak demonic guardian rushes to your
                  | aid. [demonic ancestry]
    70 | D:1      | Reached XP level 2. HP: 13/24 MP: 2/2
   862 | D:2      | Reached skill level 3 in Axes
   868 | D:2      | Gained mutation: You have large cloven feet. [demonic
                  | ancestry]
   868 | D:2      | Reached XP level 3. HP: 27/29 MP: 3/3
   893 | D:2      | XOM: noise
   936 | D:2      | XOM: mild Conj miscast
   957 | D:2      | XOM: god gift: scroll labeled YNUINK ZEWNIRHO {god gift}
  1113 | D:2      | XOM: give mutations
  1113 | D:2      | Gained mutation: Your flesh is heat resistant. (rF+) [Xom's
                  | grace]
  1113 | D:2      | Gained mutation: You can translocate small distances at
                  | will. [Xom's grace]
  1113 | D:2      | Gained mutation: You expend magic power (3 MP) to
                  | strengthen your wands. [Xom's grace]
  1113 | D:2      | Gained mutation: Your mind is acute. (Int +2) [Xom's grace]
  1160 | D:2      | Found a faded altar of an unknown god.
  1164 | D:2      | XOM: polymorph hobgoblin -> jackal
  1392 | D:2      | XOM: scenery: create altars
  1429 | D:2      | XOM: 6-stop teleportation journey
  1451 | D:2      | XOM: cleaving
  1454 | D:2      | Gained mutation: You are immune to rotting. [demonic
                  | ancestry]
  1454 | D:2      | Reached XP level 4. HP: 24/35 MP: 4/4
  1760 | D:2      | Found a glowing silver altar of Zin.
  1780 | D:2      | Reached skill level 2 in Dodging
  1821 | D:2      | Quit the game

Levels and vault maps discovered:
D:1:      lemuel_arrival_lava_pool, layout_basic, minmay_misc_feat_pillars,
          minmay_pentomino_v2
D:2:      layout_loops_ring, old_standard_altar,
          chequers_ecumenical_altar_simple_redux

Skill      XL: |  1  2  3  4 |
---------------+-------------+-----
Dodging        | 1 2 |  2.0
Armour         | 2 |  2.5
Axes           | 3 |  3.2
Fighting       | |  3.6

Action                   |  1- 3 |  4- 6 || total
-------------------------+-------+-------++-------
Melee: Hand axe          |    39 |       ||    39
       Dagger            |    50 |    54 ||   104
       Kick              |    20 |    22 ||    42
  Eat: Chunk             |     1 |     1 ||     2
Armor: Leather armour    |    24 |    16 ||    40
Dodge: Dodged            |    61 |    42 ||   103

Table legend:
 A = Non-vault XP
 B = Vault XP
 C = Vault XP percentage of total XP
 D = Non-vault monster count
 E = Vault monster count
 F = Vault count percentage of total count
                 A         B        C        D         E       F
            +---------+---------+-------+---------+---------+-------
      Total |     122 |       3 |   2.4 |      44 |       2 |   4.3
            +---------+---------+-------+---------+---------+-------
        D:1 |      32 |       3 |   8.6 |      15 |       2 |  11.8
        D:2 |      90 |       0 |   0.0 |      29 |       0 |   0.0
            +---------+---------+-------+---------+---------+-------
